 Dungeon Crawl Stone Soup version 0.29.1-1-gd02db6906a (webtiles) character file.

Game seed: 17980515202861599349

432 Ashen the Chiller (level 6, 0/42 (46) HPs)
             Began as a Demonspawn Ice Elementalist on Sept 15, 2022.
             Slain by a wight
             ... wielding a +2 dire flail
              (4 damage)
             ... on level 4 of the Dungeon.
             The game lasted 00:11:28 (4762 turns).

Ashen the Chiller (Demonspawn Ice Elementalist)     Turns: 4762, Time: 00:11:28

HP:   0/42 (46)     AC:  8    Str:  9    XL:     6   Next: 67%
MP:   7/11          EV: 17    Int: 18    God:
Gold: 296           SH:  0    Dex: 13    Spells: 4/11 levels left

rFire   . . .      SeeInvis .   q - +0 long sword
rCold   . . .      Faith    .   (no shield)
rNeg    . . .      Spirit   .   a - +0 robe
rPois   .          Reflect  .   (no helmet)
rElec   .          Harm     .   (no cloak)
rCorr   .          Rampage  .   (no gloves)
Will    .....                   (no boots)
Stlth   ++........              (no amulet)
HPRegen 0.14/turn               (no ring)
MPRegen 0.12/turn               (no ring)

@: ice-armoured, drained, repel missiles
A: repulsion field 3
a: no special abilities


You were on level 4 of the Dungeon.
You visited 1 branch of the dungeon, and saw 4 of its levels.
You also visited: Ossuary.

You collected 296 gold pieces.

Inventory:

Hand Weapons
 q - a +0 long sword (weapon)
Missiles
 r - 3 javelins
Armour
 a - a +0 robe (worn)
Scrolls
 b - 5 scrolls of teleportation {unknown}
 c - 2 scrolls of amnesia {unknown}
 f - 5 scrolls of identify
 g - 2 scrolls of vulnerability {unknown}
 h - a scroll of blinking {unknown}
 m - a scroll of fear {unknown}
Potions
 d - 2 potions of flight {unknown}
 e - 3 potions of heal wounds
 i - a potion of invisibility {unknown}
 j - a potion of haste {unknown}
 k - 2 potions of curing {unknown}
 l - a potion of degeneration {unknown}
 n - a potion of ambrosia {unknown}
 o - 2 potions of attraction {unknown}
 p - a potion of cancellation {unknown}


   Skills:
 + Level 2.8 Fighting
 + Level 3.3 Dodging
 + Level 3.5 Stealth
 + Level 3.3 Spellcasting
 + Level 4.6 Ice Magic


You had 4 spell levels left.
You knew the following spells:

 Your Spells              Type           Power      Damage    Failure   Level
a - Freeze                Ice            76%        1d9       2%          1
b - Frozen Ramparts       Ice            38%        1d6       7%          3
c - Ozocubu's Armour      Ice            19%        N/A       7%          3

Your spell library contained the following spells:

 Spells                   Type           Power      Damage    Failure   Level
 Beastly Appendage        Tmut           6%         N/A       16%         1
 Poisonous Vapours        Pois/Air       6%         N/A       24%         2
 Wereblood                Tmut           3%         N/A       24%         2
 Ignite Poison            Fire/Tmut/Pois 3%         N/A       43%         3
 Mephitic Cloud           Conj/Pois/Air  3%         N/A       43%         3
 Spider Form              Tmut/Pois      3%         N/A       43%         3
 Hailstorm                Conj/Ice       11%        3d5       52%         4
 Corpse Rot               Necr/Pois/Air  3%         N/A       83%         4
 Freezing Cloud           Conj/Ice/Air   4%         6-21      93%         5


Dungeon Overview and Level Annotations

Branches:
Dungeon (4/15)            Ossuary (visited)
 Temple: D:4-7

Altars:
Cheibriados
Kikubaaqudgha
Vehumet


Innate Abilities, Weirdness & Mutations

You are surrounded by a strong repulsion field. (EV +4, RMsl)


Message History

The wight hits you with a +2 dire flail.
You feel drained. The wight barely misses you.
You hit the wight but do no damage. The wight completely misses you.
You hit the wight.
The wight is moderately damaged.
The wight closely misses you. The wight completely misses you.
You barely miss the wight.
The wight is moderately damaged.
The wight hits you with a +2 dire flail.
You feel drained.
You hit the wight but do no damage.
The wight is moderately damaged.
The wight completely misses you.
You hit the wight.
The wight is severely damaged.
The wight misses you. The wight barely misses you.
You barely miss the wight.
The wight is severely damaged.
The wight hits you with a +2 dire flail!
You hit the wight but do no damage.
The wight is severely damaged.
The wight completely misses you. The wight misses you.
You hit the wight.
The wight is almost destroyed.
The wight closely misses you.
You hit the wight but do no damage.
The wight is almost destroyed.
The wight hits you with a +2 dire flail!
You feel drained.
Casting: Ozocubu's Armour (dangerous; 7% risk of failure)
Confirm with . or Enter, or press ? or * to list all spells.
Aiming: Freeze (safe; 2% risk of failure)
Press: ? - help, Shift-Dir - straight line, f - wight
Aim: a wight, wielding a +2 dire flail and wearing a +0 robe (almost destroyed)
You freeze the wight.
The wight resists.
The wight is almost destroyed.
The wight hits you with a +2 dire flail!
* * * LOW HITPOINT WARNING * * *
You feel drained.
You die...

#...............# #......##....
#.<.K...........###########....
#.†.o...........##.....####....
#.)).....#'#'#####.............
#####....#.#.# #.............
#....#.#.# #.............
#.(..#.#.### ###...........
*#'###'#.z.# #.......##..
#.......#@# #######+##..
#......z#.## #.......
#......#...#******#.......
#.#..†.....+,,,,,,+.......
#..........#,*****#.....##
#.......####,* #.....##
##......# *,* #.....#. ######.#
*,*** #....... *.# *,,,*
#......#


You could see a wight.

Vanquished Creatures
  2 centaur zombies (Ossuary)
  A hound (D:4)
  A human zombie (Ossuary)
  An orc priest (D:4)
  An iguana (D:4)
  An orc wizard (D:4)
  3 mummies
  4 adders
  A river rat (D:4)
  An adder zombie (Ossuary)
  2 worms
  10 orcs
  11 endoplasms
  2 giant cockroaches (D:4)
  10 goblins
  9 hobgoblins
  6 jackals
  10 kobolds
  4 quokkas
  9 ball pythons
  5 bats
  5 frilled lizards
  2 goblin zombies (Ossuary)
  6 hobgoblin zombies (Ossuary)
  2 jackal zombies (Ossuary)
  10 kobold zombies (Ossuary)
  11 orc zombies (Ossuary)
  6 rats
  A rat zombie (Ossuary)
137 creatures vanquished.

Notes
Turn   | Place    | Note
-------+----------+-------------------------------------------
     0 | D:1      | Ashen the Demonspawn Ice Elementalist began the quest for
                  | the Orb.
     0 | D:1      | Reached XP level 1. HP: 13/13 MP: 3/3
   424 | D:1      | Gained mutation: You are surrounded by a mild repulsion
                  | field. (EV +2) [demonic ancestry]
   424 | D:1      | Reached XP level 2. HP: 12/20 MP: 0/5
  1131 | D:1      | Reached skill level 1 in Fighting
  1266 | D:1      | Gained mutation: You are surrounded by a moderate repulsion
                  | field. (EV +3) [demonic ancestry]
  1266 | D:1      | Reached XP level 3. HP: 23/26 MP: 6/6
  1270 | D:1      | Learned a level 3 spell: Frozen Ramparts
  1450 | D:2      | Found an ancient bone altar of Kikubaaqudgha.
  1919 | D:2      | Gained mutation: You are surrounded by a strong repulsion
                  | field. (EV +4, RMsl) [demonic ancestry]
  1919 | D:2      | Reached XP level 4. HP: 32/32 MP: 4/7
  1923 | D:2      | Learned a level 3 spell: Ozocubu's Armour
  1978 | D:2      | Reached skill level 4 in Ice Magic
  2614 | D:3      | Found a snail-covered altar of Cheibriados.
  3168 | D:3      | Found a radiant altar of Vehumet.
  3616 | D:4      | Found a sand-covered staircase.
  3629 | D:4      | Reached XP level 5. HP: 15/38 MP: 5/9
  3631 | Ossuary  | Entered an ossuary
  4052 | Ossuary  | Reached XP level 6. HP: 33/46 MP: 1/10
  4762 | D:4      | Slain by a wight

Illustrated notes

Levels and vault maps discovered:
D:1:      heliophobic_arrival_battle_scene, layout_basic, chequers_garden
D:2:      layout_loops_ring, basic_altar, lemuel_flame_loot_1
D:3:      layout_basic, mainiacjoe_overflow_catch_the_wave
D:4:      layout_basic, nicolae_ossuary_entry_giza, portal_sewer_entry_a

Skill      XL: |  1  2  3  4  5 |
---------------+----------------+-----
Stealth        | 2 3 |  3.5
Dodging        | 2 3 |  3.3
Fighting       | 1 2 |  2.8
Ice Magic      | 4 |  4.6
Spellcasting   | 3 |  3.3

Action                   |  1- 3 |  4- 6 || total
-------------------------+-------+-------++-------
Melee: Unarmed           |    17 |       ||    17
       Falchion          |    44 |    26 ||    70
       Long sword        |       |   246 ||   246
       Punch             |       |     1 ||     1
 Cast: Freeze            |    48 |    22 ||    70
       Frozen Ramparts   |     1 |    10 ||    11
       Ozocubu's Armour  |       |    10 ||    10
  Use: Scroll            |       |     2 ||     2
       Potion            |       |     3 ||     3
 Stab: Sleeping          |     6 |     2 ||     8
Armor: Robe              |    19 |    85 ||   104
       Skin              |       |    35 ||    35
Dodge: Dodged            |    74 |   374 ||   448
       Repelled          |       |     1 ||     1
